 Dungeon Crawl Stone Soup version 0.22-a0-443-g17c3723 (webtiles) character file.

99 Gorglomux the Covered (level 4, -3/42 HPs)
             Began as a Deep Dwarf Fighter on June 1, 2018.
             Killed from afar by an orc wizard (7 damage)
             ... with a puff of frost
             ... on level 3 of the Dungeon.
             The game lasted 00:00:59 (738 turns).

Gorglomux the Covered (Deep Dwarf Fighter)           Turns: 738, Time: 00:01:00

Health: -3/42      AC:  9    Str: 23    XL:     4   Next: 45%
Magic:  3/3        EV:  5    Int:  8    God:
Gold:   57         SH: 10    Dex: 12    Spells: 3/3 levels left

rFire    + . .     SeeInvis .   a - +0 war axe
rCold    . . .     Gourm    .   c - +0 shield
rNeg     . . .     Faith    .   p - +0 chain mail
rPois    .         Spirit   .   (no helmet)
rElec    .         Reflect  .   (no cloak)
rCorr    .         Harm     .   (no gloves)
MR       .....                  (no boots)
Stlth    ..........             (no amulet)
HPRegen  0.00/turn              i - +2 ring of strength
MPRegen  0.08/turn              f - ring of protection from fire

@: lethally poisoned (-3 -> -3), non-regenerating
A: damage resistance, heal wounds, sense surroundings 1, no regeneration
a: Heal Wounds


You were on level 3 of the Dungeon.
You were not hungry.

You visited 1 branch of the dungeon, and saw 3 of its levels.

You collected 57 gold pieces.

Inventory:

Hand Weapons
 a - a +0 war axe (weapon)
Armour
 c - a +0 shield (worn)
 p - a +0 chain mail (worn)
Jewellery
 f - a ring of protection from fire (right hand)
 i - a +2 ring of strength (left hand)
Scrolls
 j - 4 scrolls of identify {unknown}
 k - a scroll of noise {unknown}
 m - a scroll of remove curse {unknown}
 n - a scroll of fog {unknown}
 o - a scroll of enchant weapon {unknown}
Potions
 d - 2 potions of might
 r - a potion of brilliance {unknown}
Comestibles
 l - 2 rations
 q - 3 chunks of flesh


   Skills:
 + Level 3.3 Fighting
 + Level 3.2 Axes
 + Level 4.0 Armour
 + Level 4.0 Shields


You had 3 spell levels left.
You didn't know any spells.
Your spell library was empty.

Dungeon Overview and Level Annotations

Branches:
Dungeon (3/15)

Altars:
Cheibriados
Elyvilon
Gozag
Xom
Yredelemnul


Innate Abilities, Weirdness & Mutations

You are resistant to damage.
You can heal yourself by infusing magical energy.
You passively map a small area around you.
You do not regenerate.


Message History

Butt's Armour skill increases to level 4!!!
Your Shields skill increases to level 4!!!
You chop the orc into pieces!
You annihilate the orc!!!
You chop the orc into pieces!
You carve the orc wizard but do no damage!
The orc wizard hits you with a butt! The orc hits you but does no damage!
You block the orc priest's attack!
The kobold unwields an uncursed dagger!
The kobold wields a blowgun!
The kobold shoots a poisoned needle!
The poisoned needle hits you!!!
You are poisoned!
The orc wizard points at you and mumbles some strange words!
The puff of flame hits you!!! You resist! * * * don't die
* * * You block the orc's attack!
The orc priest hits you but does no damage!
You fail to use your butt!
The orc wizard casts a spell at you! The puff of frost hits you!!! rip

* ,, ... #.#* #
#. #.##.##.# *
#..##.<.....#
#........#### ,
*#.###....### *
, , ##....(.# *
* *#.....†.#
##._.(._.## ,
#...o@)...# * ,
#...oog._.(.. ,,
#............. ,
....._..........
, ,
.#....._....####
* #.......##.# *
,, .........# K.
* * ##.#.#####
.. , , * * , ,


You could see an orc priest, an orc wizard, an orc, a hobgoblin and a kobold.

Vanquished Creatures
  2 orc priests
  An ooze (D:1)
  A leopard gecko (D:1)
  5 orcs
  2 giant cockroaches (D:1)
  4 goblins
  3 hobgoblins
  2 kobolds
  A ball python (D:2)
  5 bats
  A frilled lizard (D:1)
  4 rats
31 creatures vanquished.

Notes
Turn   | Place    | Note
-------+----------+-------------------------------------------
     0 | D:1      | Gorglomux the Deep Dwarf Fighter began the quest for the Orb.
     0 | D:1      | Reached XP level 1. HP: 20/20 MP: 1/1
    23 | D:1      | Reached XP level 2. HP: 27/27 MP: 2/2
   236 | D:1      | Reached skill level 3 in Fighting
   519 | D:2      | Reached XP level 3. HP: 23/34 MP: 3/3
   553 | D:2      | Reached skill level 3 in Axes
   722 | D:3      | Found an opulent altar of Gozag.
   722 | D:3      | Found a white marble altar of Elyvilon.
   722 | D:3      | Found a shimmering altar of Xom.
   727 | D:3      | Found a basalt altar of Yredelemnul.
   728 | D:3      | Found a snail-covered altar of Cheibriados.
   730 | D:3      | Reached XP level 4. HP: 24/42 MP: 3/3
   738 | D:3      | Killed from afar by an orc wizard

Vault maps used:
D:1:      sevenhm_arrival_forest_fort_large_4
D:2:      cheibrodos_pilgrimage
D:3:      grunt_temple_overflow_open, minmay_misc_feat_four_crosses,
          uniq_crazy_yiuf_cottage

Skill      XL: |  1  2  3  4 |
---------------+-------------+-----
Fighting       | 3 |  3.3
Axes           | 3 |  3.2
Armour         | 4 |  4.0
Shields        | 4 |  4.0

Action                   |  1- 3 |  4- 6 || total
-------------------------+-------+-------++-------
Melee: War axe           |    95 |     3 ||    98
 Abil: Heal Wounds       |     2 |       ||     2
Armor: Scale mail        |    50 |       ||    50
       Chain mail        |     3 |    10 ||    13
Dodge: Dodged            |    39 |     1 ||    40
Block: Shield            |    63 |    11 ||    74

Table legend:
 A = Spawn XP
 B = Non-spawn XP
 C = Spawn XP percentage of total XP
 D = Spawn monster count
 E = Non-spawn monster count
 F = Spawn count percentage of total count
 G = Total turns spent on level
                    A         B        C        D         E        F      G
               +---------+---------+-------+---------+---------+-------+---------
         Total |       0 |     142 |   0.0 |       0 |      31 |   0.0 |   738
               +---------+---------+-------+---------+---------+-------+---------
           D:1 |       0 |      32 |   0.0 |       0 |      16 |   0.0 |   255
           D:2 |       0 |      64 |   0.0 |       0 |      12 |   0.0 |   467
           D:3 |       0 |      46 |   0.0 |       0 |       3 |   0.0 |    16
               +---------+---------+-------+---------+---------+-------+---------
